 Dungeon Crawl Stone Soup version 0.19.1-1-g22dce08 (webtiles) character file.

186484 Gorglomux the Wrestler (level 17, -8/163 HPs)
             Began as a Minotaur Monk on Jan 2, 2017.
             Was an Elder of Okawaru.
             Mangled by a faun
             ... wielding a +0 spear
              (20 damage)
             ... on level 3 of the Shoals.
             The game lasted 01:10:52 (29149 turns).

Gorglomux the Wrestler (Minotaur Monk)             Turns: 29149, Time: 01:10:54

Health: -8/163     AC: 32    Str: 22    XL:     17   Next: 43%
Magic:  0/22       EV: 21    Int:  7    God:    Okawaru [****..]
Gold:   2444       SH:  0    Dex: 24    Spells: 0 memorised, 16 levels left

rFire  + . .     SeeInvis +       - Unarmed
rCold  . . .     Gourm    .     z - +7 shadow dragon scales
rNeg   + + .     Faith    .     e - +3 shield of the Dwarven Hall {Str+2 Dex+7}
rPois  +         Spirit   +     (helmet restricted)
rElec  .         Reflect  .     F - +0 cloak of the Four Lives {rPois rF+ rN++ Dex-2}
rCorr  +         Harm     .     O - +1 pair of gloves {Dex+3}
MR     +....                    o - +2 pair of boots
Stlth  ++........               C - amulet of guardian spirit
                                r - ring of flight
                                G - ring of resist corrosion

@: confused, heroism, flying, mesmerised, slowed, glowing, very slow
A: retaliatory headbutt, horns 2, see invisible
a: Heroism, Renounce Religion, Stop Flying
}: 1/15 runes: gossamer


You were on level 3 of the Shoals.
You worshipped Okawaru.
Okawaru was greatly pleased with you.
You were hungry.

You visited 5 branches of the dungeon, and saw 30 of its levels.

You collected 2790 gold pieces.
You spent 346 gold pieces at shops.

Inventory:

Missiles
 M - 11 tomahawks of dispersal (quivered)
Armour
 a - a +2 cloak of magic resistance
 e - the +3 shield of the Dwarven Hall (worn) {Str+2 Dex+7}
   (Okawaru gifted it to you on level 2 of the Orcish Mines)

   It affects your strength (+2).
   It affects your dexterity (+7).
 o - a +2 pair of boots (worn)
 z - +7 shadow dragon scales (worn)
 D - a +1 buckler of poison resistance
 F - the +0 cloak of the Four Lives (worn) {rPois rF+ rN++ Dex-2}
   (You found it on level 6 of the Lair of Beasts)

   It affects your dexterity (-2).
   It protects you from fire.
   It protects you from poison.
   It greatly protects you from negative energy.
 O - a +1 pair of gloves of dexterity (worn)
Jewellery
 d - an uncursed ring of protection from fire
 r - a ring of flight (right hand)
 x - an uncursed ring of positive energy
 C - an amulet of guardian spirit (around neck)
 G - a ring of resist corrosion (left hand)
 R - an uncursed ring of protection from cold
Wands
 n - a wand of lightning (13/15)
 w - a wand of teleportation (6/9)
 I - a wand of polymorph (11/24)
 J - a wand of iceblast (12/15)
 L - a wand of acid (7/15)
 Q - a wand of digging (7/24)
 S - a wand of lightning (7/15)
 V - a wand of lightning (2/15)
Scrolls
 f - a scroll of amnesia
 i - 4 scrolls of identify
 k - 4 scrolls of magic mapping
 l - a scroll of summoning
 m - 8 scrolls of remove curse
 q - 5 scrolls of fog
 s - 8 scrolls of recharging
 u - 5 scrolls of blinking
 y - 2 scrolls of holy word
 K - 11 scrolls of teleportation
 T - 4 scrolls of fear
Potions
 c - a potion of invisibility
 g - 2 potions of agility
 j - 4 potions of heal wounds
 p - 3 potions of haste
 t - 2 potions of berserk rage
 v - a potion of resistance
 B - 7 potions of curing
 H - 2 potions of ambrosia
 N - 5 potions of brilliance
 P - 8 potions of flight
 Y - 2 potions of cancellation
Books
 h - a book of Changes

   Spells                             Type                      Level
   a - Beastly Appendage              Transmutation                1
   b - Sticks to Snakes               Transmutation                2
   c - Spider Form                    Transmutation/Poison         3
   d - Ice Form                       Ice/Transmutation            4
   e - Blade Hands                    Transmutation                5
Comestibles
 b - 14 bread rations
 A - 8 meat rations
 U - 5 beef jerkies


   Skills:
 + Level 17.7(22.7) Fighting
 - Level 11.0(16.0) Armour
 - Level 11.7(16.7) Dodging
 - Level 5.6(10.6) Stealth
 + Level 7.7(12.7) Shields
 * Level 21.7(26.7) Unarmed Combat
 - Level 8.2 Invocations
 + Level 1.8 Evocations


You had 16 spell levels left.
You didn't know any spells.

Dungeon Overview and Level Annotations

Branches:
Dungeon (15/15)            Temple (0/1) D:7            Lair (6/6) D:9
 Shoals (3/4) Lair:4       Spider (4/4) Lair:4        Slime (0/5) Lair:5
    Orc (2/2) D:12            Elf (0/3) Orc:2        Vaults (0/5) D:13
 Depths (0/5) D:15

Altars:
Fedhas
Kikubaaqudgha
Okawaru
Qazlal
Trog
Vehumet
Xom
Zin
Beogh
Jiyva

Shops:
D:7 (   Orc:2 *:?(

Portals:
Pandemonium: Orc:2

Annotations:
D:13 exclusion: orange crystal statue


Innate Abilities, Weirdness & Mutations

You reflexively headbutt those who attack you in melee.
You have a pair of horns on your head.
You have supernaturally acute eyesight. (SInv)


Message History

* * * LOW HITPOINT WARNING * * *
You block the faun's attack. The faun completely misses you.
The siren chants its luring song.
The faun hits you with a spear!!
* * * LOW HITPOINT WARNING * * *
You block the faun's attack.
The satyr shoots a sling bullet.
You block the sling bullet. The faun completely misses you.
You pummel the satyr!!
You are no longer terrified.
You kill the satyr!
Okawaru accepts your kill.
The siren chants its luring song.
The faun casts a spell at you. You resist with some effort.
The faun closely misses you.
You are confused.
You feel invigorated.
The faun hits you from afar with a spear!
* * * LOW HITPOINT WARNING * * *
The siren hits you but does no damage.
The faun hits you with an uncursed spear!!
You die...

≈≈≈≈..≈≈.....≈.....
.≈≈≈≈.≈≈≈...≈.....###.
.≈≈..≈....≈........#..
≈≈≈≈≈≈.##.............
≈≈≈≈≈≈≈.##..≈≈(.......
≈≈≈≈≈≈≈<.....≈≈.......
≈≈≈≈≈≈≈..P.?.≈c..$...#
..≈≈≈≈≈..>.(()m..#...?
PP≈≈≈≈(...(≈.)@.......
PPP.......≈≈≈ccP..≈...
PP...≈...≈P≈P≈≈≈.≈≈≈.[
≈≈≈......P≈PP≈..≈≈≈≈≈≈
≈≈≈≈≈..≈≈≈P≈...≈≈≈≈≈≈≈
≈≈≈≈≈≈≈≈≈P....≈≈≈≈≈≈≈
≈≈≈PP≈≈P.....≈≈≈.≈≈≈
≈≈≈≈≈....###.≈≈%≈≈≈


You could see 3 fauns and a siren.

Vanquished Creatures
  Arachne (Spider:4)
  Roxanne (Shoals:2)
  5 ghost moths (Spider:4)
  Aizul (Shoals:1)
  6 emperor scorpions
  An entropy weaver (Spider:1)
  Nessos (Lair:4)
  4 dire elephants (Lair:6)
  2 spark wasps (Spider:4)
  An ettin (Orc:1)
  A fire dragon (D:15)
  Josephine (Lair:5)
  A merfolk impaler (Shoals:2)
  2 ogre magi
  6 hydras
  Erolcha (D:11)
  An anaconda (Lair:6)
  Erica (D:8)
  3 centaur warriors
  A merfolk aquamancer (Shoals:1)
  A satyr (Shoals:3)
  A tengu warrior (D:10)
  6 death yaks
  The ghost of Adolfin the Nimble, a novice DsTm of Ashenzari (D:9)
  Urug (D:15)
  7 orc high priests
  A slime creature (D:12)
  A skeletal warrior (D:13)
  An infernal demonspawn (Orc:2)
  3 sea snakes
  2 gelid demonspawn (Orc:2)
  4 hill giants
  A wizard (D:15)
  A necromancer (D:15)
  A wolf spider zombie (D:13)
  8 orc sorcerers
  18 orb spiders
  24 wolf spiders
  6 orc knights
  17 ugly things
  6 manticores
  3 deep elf magi
  6 fauns
  5 cyclopes
  3 centaur zombies (D:15)
  11 elephants
  A moth of wrath (Spider:3)
  2 gargoyles
  4 black mambas
  3 water nymphs
  A torpor snail (Spider:1)
  12 spiny frogs
  6 centaur skeletons
  A kobold demonologist (D:11)
  11 komodo dragons
  8 demonic crawlers
  2 ice devils (Orc:2)
  2 hellwings (Orc:2)
  11 trolls
  8 yaktaurs
  25 jumping spiders
  8 merfolk
  3 meliai (Spider:2)
  5 two-headed ogres
  A wind drake (Shoals:1)
  8 hornets
  A polar bear (Lair:5)
  16 blink frogs
  2 snapping turtles
  A meliai zombie (D:13)
  5 dream sheep (Lair:6)
  8 hippogriffs
  43 redbacks
  A shadow (D:15)
  31 tarantellas
  A vampire (D:10)
  7 wraiths
  52 yaks
  4 water elementals
  4 wyverns
  3 basilisks
  2 chaos spawn (Orc:2)
  A hungry ghost (D:11)
  6 vampire mosquitoes
  9 wargs
  2 mottled dragons
  10 water moccasins
  Duvessa (D:5)
  5 porcupines
  2 ice beasts
  2 sky beasts
  2 phantoms
  2 black bears
  2 eyes of draining
  33 orc warriors
  7 centaurs
  A boggart (D:13)
  15 ogres
  9 wolves
  A necrophage (D:10)
  10 crocodiles
  A big kobold (D:11)
  15 bullfrogs
  Dowan (D:5)
  A wyvern skeleton (D:13)
  6 scorpions
  8 killer bees
  An electric eel (Spider:1)
  13 wights
  2 vampire bats (D:2)
  4 howler monkeys
  12 crimson imps
  6 jellies
  A bullfrog zombie (D:13)
  A quasit (D:11)
  8 hounds
  4 bullfrog skeletons (D:13)
  22 orc priests
  Crazy Yiuf (D:4)
  14 orc wizards
  6 iguanas
  13 worker ants
  A hound skeleton (D:9)
  A howler monkey zombie (D:5)
  8 adders
  A shadow imp (D:11)
  2 oozes
  An adder skeleton (D:5)
  An adder zombie (D:6)
  4 worms
  2 dart slugs (D:1)
  5 leopard geckos
  66 orcs
  3 bat skeletons (D:2)
  2 bat zombies (D:2)
  4 giant cockroaches
  8 hobgoblins
  13 jackals
  5 quokkas
  3 bats
  7 frilled lizards
  3 goblins
  13 kobolds
  A leopard gecko skeleton (D:6)
  9 rats
  2 plants (Lair:6)
908 creatures vanquished.

Vanquished Creatures (others)
  Nikola (Spider:1)
  A big kobold (D:13)
  A kobold (D:13)
  22 fungi
  9 plants
34 creatures vanquished.

Grand Total: 942 creatures vanquished

Notes
Turn   | Place    | Note
-------+----------+-------------------------------------------
     0 | D:1      | Gorglomux the Minotaur Monk began the quest for the Orb.
     0 | D:1      | Reached XP level 1. HP: 19/19 MP: 0/0
    34 | D:1      | Reached XP level 2. HP: 14/27 MP: 1/1
   129 | D:1      | Reached skill level 4 in Unarmed Combat
   286 | D:1      | Reached XP level 3. HP: 20/33 MP: 2/2
  1182 | D:2      | Found an ancient bone altar of Kikubaaqudgha.
  1186 | D:2      | Reached skill level 5 in Unarmed Combat
  1186 | D:2      | Reached XP level 4. HP: 35/41 MP: 3/3
  1212 | D:2      | Reached XP level 5. HP: 42/47 MP: 4/4
  1481 | D:3      | Reached skill level 5 in Fighting
  1571 | D:3      | Found an iron altar of Okawaru.
  1676 | D:3      | Became a worshipper of Warmaster Okawaru
  1676 | D:3      | Reached * piety under Okawaru
  1676 | D:3      | Reached ** piety under Okawaru
  1883 | D:3      | Noticed a moth of wrath
  1886 | D:3      | Found a bloodstained altar of Trog.
  2219 | D:3      | Reached skill level 6 in Unarmed Combat
  2843 | D:4      | Found a runed door.
  2990 | D:4      | Noticed Crazy Yiuf
  2995 | D:4      | Killed Crazy Yiuf
  3039 | D:5      | Entered Level 5 of the Dungeon
  3057 | D:5      | Noticed Duvessa
  3058 | D:5      | Noticed Dowan
  3062 | D:5      | Reached XP level 6. HP: 49/56 MP: 5/5
  3070 | D:5      | Killed Duvessa
  3079 | D:5      | Killed Dowan
  3079 | D:5      | Reached skill level 7 in Unarmed Combat
  3469 | D:5      | Found a radiant altar of Vehumet.
  3550 | D:5      | Reached XP level 7. HP: 50/63 MP: 4/6
  3995 | D:5      | Reached skill level 8 in Unarmed Combat
  4095 | D:6      | Reached *** piety under Okawaru
  4338 | D:6      | Reached skill level 9 in Unarmed Combat
  4338 | D:6      | Reached XP level 8. HP: 64/73 MP: 5/7
  4842 | D:7      | Found a staircase to the Ecumenical Temple.
  5011 | D:7      | Reached skill level 10 in Unarmed Combat
  5064 | D:7      | Found Tuhym's Weapon Emporium.
  5093 | D:7      | Reached **** piety under Okawaru
  5093 | D:7      | Received a gift from Okawaru
  5719 | D:8      | Reached XP level 9. HP: 82/82 MP: 8/8
  5741 | D:8      | Reached skill level 11 in Unarmed Combat
  5748 | D:8      | Noticed Erica
  5765 | D:8      | Killed Erica
  5986 | D:8      | Reached skill level 12 in Unarmed Combat
  6154 | D:8      | Noticed a hill giant
  6182 | D:8      | Killed a hill giant
  6182 | D:8      | Reached skill level 10 in Fighting
  6269 | D:8      | Found a blossoming altar of Fedhas.
  6369 | D:8      | Found a stormy altar of Qazlal.
  6592 | D:9      | Noticed a troll
  6599 | D:9      | Killed a troll
  6647 | D:9      | Found a staircase to the Lair.
  6647 | D:9      | Noticed a death yak
  6648 | D:9      | Noticed an elephant
  6671 | D:9      | Killed a death yak
  6671 | D:9      | Reached ***** piety under Okawaru
  6671 | D:9      | Reached skill level 13 in Unarmed Combat
  6671 | D:9      | Reached XP level 10. HP: 59/94 MP: 6/9
  6717 | D:9      | Killed an elephant
  6845 | D:9      | Noticed Adolfin's ghost (novice DsTm)
  6861 | D:9      | Killed Adolfin's ghost
  6983 | D:9      | Found a glowing silver altar of Zin.
  7319 | D:10     | Entered Level 10 of the Dungeon
  7388 | D:10     | Reached skill level 14 in Unarmed Combat
  7704 | D:10     | Noticed a hill giant
  7709 | D:10     | Killed a hill giant
  8117 | D:10     | Received a gift from Okawaru
  8145 | D:10     | Reached XP level 11. HP: 56/104 MP: 5/10
  8337 | D:10     | Reached skill level 1 in Invocations
  8420 | D:10     | Reached skill level 15 in Unarmed Combat
  8530 | D:10     | Found a shimmering altar of Xom.
  8576 | D:10     | Noticed a tengu warrior
  8587 | D:10     | Killed a tengu warrior
  8695 | D:11     | Noticed Erolcha
  8695 | D:11     | Noticed a hill giant
  8726 | D:10     | Killed a hill giant
  8775 | Lair:1   | Entered Level 1 of the Lair of Beasts
  8794 | Lair:1   | Received a gift from Okawaru
  9049 | Lair:1   | Reached skill level 5 in Dodging
  9729 | Lair:1   | Gained mutation: You have supernaturally acute eyesight. (SInv) [potion of beneficial mutation]
 10059 | Lair:2   | Received a gift from Okawaru
 10072 | Lair:2   | Reached skill level 16 in Unarmed Combat
 10072 | Lair:2   | Reached XP level 12. HP: 61/113 MP: 8/14
 10905 | Lair:3   | Reached skill level 5 in Invocations
 11332 | Lair:4   | Found a staircase to the Shoals.
 11464 | Lair:4   | Received a gift from Okawaru
 11505 | Lair:4   | Noticed Nessos
 11527 | Lair:4   | Killed Nessos
 11688 | Lair:4   | Found a hole to the Spider Nest.
 12159 | Lair:5   | Reached skill level 17 in Unarmed Combat
 12186 | Lair:5   | Noticed Josephine
 12198 | Lair:5   | Killed Josephine
 12219 | Lair:5   | Noticed a four-headed hydra
 12224 | Lair:5   | Killed a four-headed hydra
 12266 | Lair:5   | Reached ****** piety under Okawaru
 12266 | Lair:5   | Reached XP level 13. HP: 104/123 MP: 13/16
 12598 | Lair:5   | Found a viscous altar of Jiyva.
 12599 | Lair:5   | Found a staircase to the Slime Pits.
 12796 | Lair:6   | Entered Level 6 of the Lair of Beasts
 12844 | Lair:6   | Received a gift from Okawaru
 12844 | Lair:6   | Reached skill level 1 in Armour
 13047 | Lair:6   | Received a gift from Okawaru
 14418 | Lair:6   | Reached skill level 5 in Armour
 14418 | Lair:6   | Reached skill level 18 in Unarmed Combat
 14584 | Lair:6   | Noticed a dire elephant
 14600 | Lair:6   | Killed a dire elephant
 14612 | Lair:6   | Noticed a dire elephant
 14612 | Lair:6   | Noticed a dire elephant
 14619 | Lair:6   | Killed a dire elephant
 14627 | Lair:6   | Killed a dire elephant
 14644 | Lair:6   | Got a faintly humming cloak
 14655 | Lair:6   | Identified the +0 cloak of the Four Lives {rPois rF+ rN++ Dex-2} (You found it on level 6 of the Lair of Beasts)
 14688 | Lair:6   | Noticed a dire elephant
 14701 | Lair:6   | Killed a dire elephant
 14701 | Lair:6   | Reached XP level 14. HP: 60/133 MP: 12/19
 15249 | D:11     | Killed Erolcha
 15249 | D:11     | Received a gift from Okawaru
 16505 | D:12     | Found a staircase to the Orcish Mines.
 17177 | D:13     | Reached skill level 10 in Dodging
 17200 | D:13     | Reached skill level 15 in Fighting
 17419 | D:13     | Found a gate to the Vaults.
 17489 | D:13     | Received a gift from Okawaru
 18784 | D:14     | Reached skill level 19 in Unarmed Combat
 18982 | D:15     | Entered Level 15 of the Dungeon
 19160 | D:15     | Reached XP level 15. HP: 124/141 MP: 20/20
 19267 | D:15     | Noticed Urug
 19270 | D:15     | Killed Urug
 19727 | D:15     | Found a staircase to the Depths.
 19735 | D:15     | Received a gift from Okawaru
 20540 | Orc:1    | Entered Level 1 of the Orcish Mines
 20564 | Orc:1    | Received a gift from Okawaru
 21073 | Orc:2    | Entered Level 2 of the Orcish Mines
 21174 | Orc:2    | Found a roughly hewn altar of Beogh.
 21211 | Orc:2    | Found a staircase to the Elven Halls.
 21392 | Orc:2    | Reached skill level 5 in Stealth
 21784 | Orc:2    | Found Rysuirph's General Store.
 21785 | Orc:2    | Found Vasote's Magic Scroll Shop.
 21944 | Orc:2    | Bought a scroll of magic mapping for 42 gold pieces
 21946 | Orc:2    | Bought a scroll of recharging for 123 gold pieces
 21946 | Orc:2    | Bought a scroll of blinking for 97 gold pieces
 21946 | Orc:2    | Bought a scroll of fear for 45 gold pieces
 21946 | Orc:2    | Bought a scroll of teleportation for 39 gold pieces
 22162 | Orc:2    | Received a gift from Okawaru
 22472 | Orc:2    | Received a gift from Okawaru
 22475 | Orc:2    | Got a translucent shield {god gift}
 22486 | Orc:2    | Identified the +3 shield of the Dwarven Hall {Str+2 Dex+7} (Okawaru gifted it to you on level 2 of the Orcish Mines)
 22545 | Orc:2    | Found Qewkiebb's Book Emporium.
 22545 | Orc:2    | Found Ysiuk's Antique Weapon Shoppe.
 22545 | Orc:2    | Found a one-way gate leading to the halls of Pandemonium.
 22804 | Spider:1 | Entered Level 1 of the Spider Nest
 22940 | Spider:1 | Reached skill level 20 in Unarmed Combat
 23087 | Spider:1 | Reached XP level 16. HP: 50/151 MP: 0/21
 23302 | Lair:1   | Identified a scroll of acquirement
 23586 | Spider:1 | Noticed Nikola
 23593 | Spider:1 | Killed Nikola
 23593 | Spider:1 | Reached skill level 10 in Armour
 23593 | Spider:1 | Reached skill level 1 in Shields
 25568 | Spider:4 | Entered Level 4 of the Spider Nest
 25670 | Spider:4 | Noticed Arachne
 25694 | Spider:4 | Killed Arachne
 25694 | Spider:4 | Received a gift from Okawaru
 26060 | Spider:4 | Reached skill level 5 in Shields
 26557 | Spider:4 | Reached skill level 21 in Unarmed Combat
 26916 | Spider:4 | Received a gift from Okawaru
 26928 | Spider:4 | Reached XP level 17. HP: 74/161 MP: 1/22
 26944 | Spider:4 | Got a pitted shield {god gift}
 26955 | Spider:4 | Identified the +4 shield of Plog {MR- Str+8 Dex-4 SInv} (Okawaru gifted it to you on level 4 of the Spider Nest)
 26971 | Spider:4 | Got a gossamer rune of Zot
 27474 | Shoals:1 | Entered Level 1 of the Shoals
 27714 | Shoals:1 | Noticed Aizul
 27738 | Shoals:1 | Killed Aizul
 28552 | Shoals:2 | Noticed Roxanne
 28578 | Shoals:2 | Killed Roxanne
 28663 | Shoals:2 | Reached skill level 1 in Evocations
 29149 | Shoals:3 | Mangled by a faun

Skill      XL: |  1  2  3  4  5  6  7  8  9 10 11 12 13 14 15 16 17 |
---------------+----------------------------------------------------+-----
Unarmed Combat | 4 5 6 7 9 10 13 14 16 17 18 19 20 21 | 21.7
Fighting       | 4 5 6 7 8 10 11 12 13 14 15 16 17 | 17.7
Invocations    | 4 6 8 |  8.2
Dodging        | 5 7 9 10 11 | 11.7
Armour         | 5 8 9 11 | 11.0
Stealth        | 4 5 |  5.6
Shields        | 6 7 |  7.7
Evocations     | 1 |  1.8

Action                   |  1- 3 |  4- 6 |  7- 9 | 10-12 | 13-15 | 16-18 || total
-------------------------+-------+-------+-------+-------+-------+-------++-------
Melee: Unarmed           |    94 |   140 |   214 |   498 |  1291 |   739 ||  2976
       Headbutt          |    13 |    28 |    51 |   123 |   353 |   191 ||   759
       Punch             |       |     1 |     9 |    45 |   116 |     7 ||   178
Throw: Tomahawk          |       |       |     1 |       |       |       ||     1
Invok: Heroism           |       |     1 |     4 |    19 |    18 |    13 ||    55
       Finesse           |       |       |       |       |     2 |     1 ||     3
 Abil: Evoke Flight      |       |       |       |       |       |     2 ||     2
Evoke: Wand              |       |       |     1 |     2 |       |       ||     3
  Use: Scroll            |       |     2 |       |    14 |    21 |     9 ||    46
       Potion            |       |       |       |     3 |       |     9 ||    12
 Stab: Sleeping          |     4 |     3 |     5 |     2 |    25 |     8 ||    47
       Distracted        |       |       |     2 |     2 |     1 |     8 ||    13
       Confused          |       |       |     1 |       |       |       ||     1
  Eat: Chunk             |       |     8 |     9 |    19 |    36 |    20 ||    92
Armor: Robe              |     9 |    21 |    33 |    18 |       |       ||    81
       Troll leather arm |       |       |       |    50 |     4 |       ||    54
       Shadow dragon sca |       |       |       |       |   432 |   329 ||   761
Dodge: Dodged            |    76 |    69 |   107 |   296 |   785 |   419 ||  1752
Block: Shield            |       |       |       |       |    61 |   207 ||   268
       Buckler           |       |       |       |       |       |    76 ||    76
